 Dungeon Crawl Stone Soup version 0.32-a0-999-gfa1cc04b1d (webtiles) character file.

Game seed: 7060647870026380533

56 Revguard the Trooper (level 3, -5/31 HPs)
             Began as a Ghoul Fighter on Apr 25, 2024.
             Slain by a gnoll
             ... wielding a +0 flail
              (6 damage)
             ... on level 3 of the Dungeon.
             The game lasted 00:03:06 (1556 turns).

Revguard the Trooper (Ghoul Fighter)                Turns: 1556, Time: 00:03:07

Health: -5/31      AC: 10    Str: 19    XL:     3   Next: 97%
Magic:  0/3        EV:  8    Int:  7    God:
Gold:   125        SH:  4    Dex: 10    Spells: 2/2 levels left

rFire   . . .        a - +0 war axe
rCold   + + .        c - +0 buckler
rNeg    + + +        b - +0 scale mail
rPois   ∞            (no helmet)
rElec   .            h - +1 cloak
rCorr   .            n - +0 pair of gloves
SInv    .            (no boots)
Will    .....        j - amulet of guardian spirit Stlth
                     i - ring of protection from cold
HPRegen 0.00/turn    (no ring)
MPRegen 0.08/turn

%: guardian spirit
@: mighty, inhibited regen, invisible
A: claws 1, cold resistance 1, negative energy resistance 3, inhibited
regeneration, torment resistance 2, devour on kill
a: no special abilities


You were on level 3 of the Dungeon.
You visited 1 branch of the dungeon, and saw 3 of its levels.

You collected 125 gold pieces.

Inventory:

Hand Weapons
 a - a +0 war axe (weapon)
Armour
 b - a +0 scale mail (worn)
 c - a +0 buckler (worn)
 h - a +1 cloak (worn)
 n - a +0 pair of gloves (worn)
Jewellery
 i - a ring of protection from cold (left hand)
 j - an amulet of guardian spirit (around neck)
Scrolls
 e - 2 scrolls of identify {unknown}
 g - 2 scrolls of teleportation {unknown}
 k - a scroll of vulnerability {unknown}
 m - a scroll of enchant armour {unknown}


   Skills:
 + Level 3.6 Fighting
 + Level 2.2 Axes
 * Level 3.0 Armour
 + Level 0.8 Dodging
 * Level 2.9 Shields
 + Level 1.0 Invocations
 + Level 1.0 Evocations


You had 2 spell levels left.
You didn't know any spells.
Your spell library contained the following spells:

 Spells                   Type           Power      Damage    Failure   Level
 Tukima's Dance           Hex            0%         N/A       99%         3
 Passage of Golubria      Tloc           0%         N/A       100%        4
 Yara's Violent Unravell  Hex/Alch       0%         3d3       100%        5


Dungeon Overview and Level Annotations

Branches:
Dungeon (3/15)

Altars:

Shops:
D:1 :


Innate Abilities, Weirdness & Mutations

You are immune to poison.
You have sharp fingernails.
Your flesh is cold resistant. (rC+)
You are immune to negative energy. (rN+++)
You do not regenerate when monsters are visible.
You are immune to unholy pain and torment.
You thrive by killing the living.


Message History

A gnoll comes into view. It is wielding a +0 flail.
The ribbon worm bites you but does no damage.
The gnoll shouts!
You slash the ribbon worm!
The ribbon worm is almost dead.
The kobold throws a stone.
The stone closely misses you.
The gnoll hits you from afar with a +0 spear.
The ribbon worm expels a string of sticky webbing.
The stream of webbing hits you but does no damage.
You are caught in a web!
The gnoll hits you but does no damage.
The web tears apart.
The ribbon worm bites you.
The gnoll hits you from afar with a +0 spear.
You feel very mighty all of a sudden.
The kobold throws a stone.
The stone hits you but does no damage. The gnoll hits you but does no damage.
The ribbon worm expels a string of sticky webbing.
You block the stream of webbing.
You slice the ribbon worm!!
You kill the ribbon worm!
You hit the gnoll.
The gnoll hits you from afar with a +0 spear!
The gnoll hits you with a +0 whip.
Unknown command.
You closely miss the gnoll. You hit the kobold.
You kill the kobold!
You hit the gnoll. The gnoll hits you with a +0 whip.
The gnoll hits you but does no damage. You block the gnoll's attack.
The gnoll hits you with a +0 whip.
* * * LOW HITPOINT WARNING * * *
The gnoll closely misses you. The gnoll hits you but does no damage.
It was a potion of lignification.
You feel woody for a moment. The gnoll hits you with a +0 whip.
* * * LOW HITPOINT WARNING * * *
The gnoll hits you from afar with a +0 spear.
* * * LOW HITPOINT WARNING * * *
The gnoll hits you but does no damage.
It was a potion of invisibility.
You fade into invisibility!
The gnoll hits you but does no damage. x2; The gnoll hits you with a +0 flail.
You die...

##. ##. ##.# #.. ..#
#... #.. ..##### ###..#
#.. ..#.... ....# ..
..... #...########.#...
####............).# .
........# ###@##....
####...# ##..gggg....
#..<#.######?.##Kb..###
#.###.........# ....#
.. #...........# ....#
# ###.........# ....#
#.........# ....#
##........# #####
#........#


You could see 4 gnolls, a bat and a kobold (unable to see you).

Vanquished Creatures
  2 adders (D:2)
  A dart slug (D:1)
  3 ribbon worms
  2 endoplasms
  2 giant cockroaches (D:1)
  4 goblins
  2 hobgoblins
  2 quokkas (D:1)
  4 ball pythons
  A bat (D:1)
  3 frilled lizards
  A kobold (D:3)
  4 rats
31 creatures vanquished.

Notes
Turn   | Place    | Note
-------+----------+-------------------------------------------
     0 | D:1      | Revguard the Ghoul Fighter began the quest for the Orb.
     0 | D:1      | Reached XP level 1. HP: 19/19 MP: 1/1
   140 | D:1      | Found Qusi's Book Emporium.
   208 | D:1      | Reached XP level 2. HP: 22/26 MP: 2/2
   793 | D:2      | Reached XP level 3. HP: 31/31 MP: 3/3
  1066 | D:2      | Reached skill level 1 in Invocations
  1540 | D:3      | Reached skill level 1 in Evocations
  1555 | D:3      | HP: 1/31 [gnoll/+0 spear (4)]
  1556 | D:3      | Slain by a gnoll

Illustrated notes

Levels and vault maps discovered:
D:1:      sevenhm_arrival_forest_fort_large_2, layout_rooms,
          serial_corexii_hall, corexii_hall_statues_i, corexii_hall_statues_l,
          chequers_hall_statues_corner_a, corexii_hall_statues_x, serial_shops,
          shop, serial_bayou_pond_b
D:2:      layout_basic
D:3:      layout_basic, wad_orctagon

Skill      XL: |  1  2  3 |
---------------+----------+-----
Axes           | 2 |  2.2
Armour         | 3 |  3.0
Invocations    | 1 |  1.0
Evocations     | 1 |  1.0
Fighting       | |  3.6
Dodging        | |  0.8
Shields        | |  2.9

Action                     || total
---------------------------++-------
  Melee: War axe           ||    80
    Use: Potion            ||     3
 Armour: Scale mail        ||    78
  Dodge: Dodged            ||    39
  Block: Buckler           ||    14

Table legend: (Time is in decaauts)
 A = Elapsed time spent in this place.
 B = Non-inter-level travel time spent in this place.
 C = Inter-level travel time spent in this place.
 D = Time resting spent in this place.
 E = Time spent auto-exploring this place.
 F = Levels seen in this place.
 G = Mean time per level.
                   A        B        C        D        E       F      G
               +--------+--------+--------+--------+--------+-----+--------+
         Total |   1591 |   1504 |     87 |      0 |   1167 |   3 |  530.3 |
       Dungeon |   1591 |   1504 |     87 |      0 |   1167 |   3 |  530.3 |
               +--------+--------+--------+--------+--------+-----+--------+

Top non-repeatable levels by time:
     D:1: 793 daAuts
     D:2: 762 daAuts
     D:3: 35 daAuts
